 Dungeon Crawl Stone Soup version 0.24-a0-515-gbe7f5e2e8d (webtiles) character file.

Game seed: 4204823384170978531

6154 Ablot the Magician (level 10, -1/79 HPs)
             Began as a Gnoll Skald on July 21, 2019.
             Was a Priest of Okawaru.
             Succumbed to a killer bee's poison
             ... on level 10 of the Dungeon.
             The game lasted 00:28:43 (8117 turns).

Ablot the Magician (Gnoll Skald)                    Turns: 8117, Time: 00:28:43

Health: -1/79      AC:  7    Str: 20    XL:     10   Next: 90%
Magic:  8/21       EV: 22    Int: 16    God:    Okawaru [***...]
Gold:   575        SH:  0    Dex: 22    Spells: 3/24 levels left

rFire    + + .     SeeInvis .   A - +2 trident (distort)
rCold    + + .     Gourm    .   (no shield)
rNeg     . . .     Faith    .   z - +2 robe {rC+ rF+}
rPois    .         Spirit   .   (no helmet)
rElec    .         Reflect  .   b - scarf {rC+ rF+}
rCorr    .         Harm     .   v - +0 pair of gloves
MR       .....                  N - +0 pair of boots of Yredelemnul's Hatred {Dex+4} (curse)
Stlth    ++++......             H - amulet of magic regeneration
HPRegen  0.23/turn              F - +3 ring of evasion
MPRegen  0.42/turn              K - +2 ring of dexterity

@: mighty, lethally poisoned (-1 -> -22), very slightly contaminated
A: distributed training, fangs 1, strong nose
a: Heroism, Renounce Religion


You were on level 10 of the Dungeon.
You worshipped Okawaru.
Okawaru was most pleased with you.
You were very hungry.

You visited 2 branches of the dungeon, and saw 11 of its levels.

You collected 575 gold pieces.

Inventory:

Hand Weapons
 A - a +2 trident of distortion (weapon)
Missiles
 c - 98 arrows
 f - 182 stones
 g - 85 sling bullets
 m - 15 poisoned darts (quivered)
 C - 35 bolts
Armour
 b - a scarf of resistance (worn)
 v - a +0 pair of gloves (worn)
 z - a +2 robe of resistance (worn)
 L - a +0 pair of boots of flying
 N - the cursed +0 pair of boots of Yredelemnul's Hatred (worn) {Dex+4}
   (You found it on level 9 of the Dungeon)

   It affects your dexterity (+4).
   It has a curse placed upon it.
Jewellery
 F - a +3 ring of evasion (left hand)
 H - an amulet of magic regeneration (around neck)
 K - a +2 ring of dexterity (right hand)
Wands
 q - a wand of clouds (3)
 s - a wand of acid (2)
 t - a wand of disintegration (4)
 D - a wand of paralysis (9)
Scrolls
 a - a scroll of enchant armour {unknown}
 h - a scroll of noise {unknown}
 i - a scroll of fog {unknown}
 j - 2 scrolls of fear
 k - a scroll of amnesia
 o - a scroll of magic mapping {unknown}
 p - 3 scrolls of enchant weapon
 w - 3 scrolls of teleportation {unknown}
 x - 7 scrolls of remove curse
 y - a scroll of blinking {unknown}
 G - a scroll of immolation {unknown}
 I - a scroll of identify
Potions
 e - 3 potions of brilliance
 l - 6 potions of curing
 n - 4 potions of haste
 r - a potion of ambrosia
 u - a potion of invisibility
 B - a potion of heal wounds
Comestibles
 d - 16 rations


   Skills:
 + Level 7.3 Fighting
 + Level 5.6 Short Blades
 + Level 5.6 Long Blades
 + Level 5.6 Axes
 + Level 5.6 Maces & Flails
 + Level 7.3 Polearms
 + Level 5.6 Staves
 + Level 5.6 Slings
 + Level 5.6 Bows
 + Level 5.6 Crossbows
 + Level 5.6 Throwing
 + Level 6.2 Armour
 + Level 7.3 Dodging
 + Level 5.6 Stealth
 + Level 5.6 Shields
 + Level 5.6 Unarmed Combat
 + Level 7.6 Spellcasting
 + Level 4.6 Conjurations
 + Level 4.6 Hexes
 + Level 7.2 Charms
 + Level 4.6 Summonings
 + Level 4.6 Necromancy
 + Level 4.6 Translocations
 + Level 4.6 Transmutations
 + Level 4.6 Fire Magic
 + Level 4.6 Ice Magic
 + Level 4.6 Air Magic
 + Level 4.6 Earth Magic
 + Level 4.6 Poison Magic
 + Level 6.1 Invocations
 + Level 5.6 Evocations


You had 3 spell levels left.
You knew the following spells:

 Your Spells              Type           Power        Failure   Level  Hunger
a - Infusion              Chrm           ####         1%          1    None
b - Song of Slaying       Chrm           ####....     1%          2    None
c - Shroud of Golubria    Chrm/Tloc      ####..       1%          2    None
d - Regeneration          Chrm/Necr      ####......   3%          3    ##.....
e - Spectral Weapon       Hex/Chrm       ####....     3%          3    ##.....
f - Beastly Appendage     Tmut           ###...       1%          1    None
g - Ozocubu's Armour      Chrm/Ice       ####....     3%          3    ##.....
h - Confuse               Hex            ###.....     5%          3    ##.....
i - Dazzling Spray        Conj/Hex       ###...       5%          3    ##.....

Your spell library contained the following spells:

 Spells                   Type           Power        Failure   Level  Hunger
 Corona                   Hex            ###....      1%          1    None
 Freeze                   Ice            ###.         1%          1    None
 Sandblast                Erth           ###...       1%          1    None
 Ensorcelled Hibernation  Hex/Ice        ###...       2%          2    None
 Passwall                 Tmut/Erth      ###.....     2%          2    None
 Sticks to Snakes         Tmut           ###.....     2%          2    None
 Throw Frost              Conj/Ice       ###...       2%          2    None
 Spider Form              Tmut/Pois      ###.......   5%          3    ##.....
 Stone Arrow              Conj/Erth      ###...       5%          3    ##.....
 Tukima's Dance           Hex            ###.....     5%          3    ##.....
 Ice Form                 Ice/Tmut       ###.....     17%         4    ####...
 Petrify                  Tmut/Erth      ###.....     17%         4    ####...
 Summon Ice Beast         Ice/Summ       ###.....     17%         4    ####...
 Throw Icicle             Conj/Ice       ###.....     17%         4    ####...
 Blade Hands              Tmut           ###.......   43%         5    #####..
 Lee's Rapid Deconstruct  Erth           ###.......   43%         5    #####..


Dungeon Overview and Level Annotations

Branches:
Dungeon (10/15)            Temple (1/1) D:5             Orc (0/2) D:9
   Lair: D:8-11

Altars:
Ashenzari
Cheibriados
Dithmenos
Elyvilon
Fedhas
Gozag
Hepliaklqana
Kikubaaqudgha
Makhleb
Nemelex Xobeh
Okawaru
Qazlal
Ru
Sif Muna
Trog
Uskayaw
Vehumet
Wu Jian
Xom
Yredelemnul
Zin
The Shining One

Shops:
D:9 (

Annotations:
D:8 4 runed translucent doors


Innate Abilities, Weirdness & Mutations

Your experience applies equally to all skills.
You have very sharp teeth.
Your uncanny sense of smell can sniff out nearby items.


Message History

Aim: a two-headed ogre, wielding a -3 giant club and a +0 dire flail (lightly wounded)
The spray of energy hits the two-headed ogre.
The two-headed ogre is moderately wounded.
The spray of energy hits the killer bee!
You kill the killer bee!
Okawaru accepts your kill.
Your horns disappear.
* * * LOW HITPOINT WARNING * * *
You feel sick. The two-headed ogre closely misses you.
The two-headed ogre hits you with a +0 dire flail.
* * * LOW HITPOINT WARNING * * *
The yak misses you.
Unknown command.
Casting: Dazzling Spray (safe; 5% risk of failure)
Confirm with . or Enter, or press ? or * to list all spells.
Aiming: Confuse (safe; 5% risk of failure)
Press: ? - help, Shift-Dir - straight line, f/p - two-headed ogre
Aim: a two-headed ogre, wielding a -3 giant club and a +0 dire flail (moderately wounded, chance to defeat MR: 32%)
The two-headed ogre appears confused.
You die...

############
##...........
##............
###.............
######....†..........
#..o@Y..≈...≈.≈<.....
≈≈.≈≈≈≈O†≈≈≈≈≈≈≈≈.≈.....
≈≈≈≈≈≈s≈(≈.≈.≈≈≈≈≈≈.....
≈≈≈≈≈≈≈≈≈≈≈≈≈≈≈≈≈≈≈.....
.≈≈≈.≈≈≈≈≈.≈.≈≈.≈≈≈#....
≈≈.=......≈.≈.#≈≈≈≈#....
###.....(.....##≈≈≈#...#
......(.....###≈≈#..##


You could see a two-headed ogre (confused), a yak, a scorpion and an orc priest.

Vanquished Creatures
  Pikel (D:7)
  Joseph (D:7)
  A troll (D:9)
  A hornet (D:8)
  Grinder (D:3)
  A yak (D:10)
  2 wyverns (D:9)
  A hungry ghost (D:7)
  Duvessa (D:5)
  A water moccasin (D:7)
  6 orc warriors
  A sky beast (D:9)
  3 ogres
  A centaur (D:3)
  Blork the orc (D:6)
  A bullfrog (D:6)
  Dowan (D:5)
  2 scorpions
  A water moccasin zombie (D:9)
  A wyvern skeleton (D:6)
  4 killer bees (D:10)
  3 wights (D:8)
  7 howler monkeys
  7 crimson imps
  6 orc wizards
  2 quasits (D:8)
  A bullfrog skeleton (D:4)
  9 orc priests
  A centaur skeleton (D:4)
  4 hounds
  Jessica (D:3)
  Ijyb (D:3)
  2 iguanas
  9 worker ants
  A hound zombie (D:6)
  A hound skeleton (D:4)
  2 worker ant zombies
  7 gnolls
  8 adders
  5 shadow imps
  An adder zombie (D:6)
  2 oozes (D:3)
  4 worms
  A leopard gecko (D:1)
  39 orcs
  9 giant cockroaches
  8 goblins
  3 hobgoblins
  10 jackals
  3 quokkas
  3 ball pythons
  4 bats
  9 frilled lizards
  14 kobolds
  2 quokka skeletons
  10 rats
232 creatures vanquished.

Vanquished Creatures (others)
  3 orc warriors
  An ogre (D:9)
  A bullfrog (D:9)
  A howler monkey (D:9)
  A crimson imp (D:7)
  2 orc wizards
  A centaur skeleton (D:6)
  An iguana (D:9)
  An orc (D:6)
  4 spectral weapons
16 creatures vanquished.

Grand Total: 248 creatures vanquished

Notes
Turn   | Place    | Note
-------+----------+-------------------------------------------
     0 | D:1      | Ablot the Gnoll Skald began the quest for the Orb.
     0 | D:1      | Reached XP level 1. HP: 20/20 MP: 6/6
   256 | D:1      | Reached XP level 2. HP: 26/26 MP: 7/7
   263 | D:1      | Learned a level 2 spell: Song of Slaying
   266 | D:1      | Learned a level 2 spell: Shroud of Golubria
   681 | D:2      | Found a stormy altar of Qazlal.
   730 | D:2      | Reached skill level 5 in Spellcasting
   730 | D:2      | Reached XP level 3. HP: 19/31 MP: 7/9
   735 | D:2      | Learned a level 3 spell: Regeneration
   739 | D:2      | Learned a level 3 spell: Spectral Weapon
   909 | D:2      | Reached skill level 1 in Invocations
  1034 | D:2      | Reached skill level 1 in Short Blades
  1034 | D:2      | Reached skill level 1 in Long Blades
  1034 | D:2      | Reached skill level 1 in Axes
  1034 | D:2      | Reached skill level 1 in Maces & Flails
  1034 | D:2      | Reached skill level 1 in Staves
  1034 | D:2      | Reached skill level 1 in Slings
  1034 | D:2      | Reached skill level 1 in Bows
  1034 | D:2      | Reached skill level 1 in Crossbows
  1034 | D:2      | Reached skill level 1 in Throwing
  1034 | D:2      | Reached skill level 1 in Stealth
  1034 | D:2      | Reached skill level 1 in Shields
  1034 | D:2      | Reached skill level 1 in Unarmed Combat
  1034 | D:2      | Reached skill level 1 in Evocations
  1085 | D:2      | Reached XP level 4. HP: 32/38 MP: 11/11
  1226 | D:3      | Noticed Grinder
  1245 | D:3      | Killed Grinder
  1245 | D:3      | Reached skill level 1 in Conjurations
  1245 | D:3      | Reached skill level 1 in Hexes
  1245 | D:3      | Reached skill level 1 in Summonings
  1245 | D:3      | Reached skill level 1 in Necromancy
  1245 | D:3      | Reached skill level 1 in Translocations
  1245 | D:3      | Reached skill level 1 in Transmutations
  1245 | D:3      | Reached skill level 1 in Fire Magic
  1245 | D:3      | Reached skill level 1 in Ice Magic
  1245 | D:3      | Reached skill level 1 in Air Magic
  1245 | D:3      | Reached skill level 1 in Earth Magic
  1245 | D:3      | Reached skill level 1 in Poison Magic
  1245 | D:3      | Reached XP level 5. HP: 23/43 MP: 2/12
  1245 | D:3      | Reached XP level 6. HP: 27/50 MP: 2/14
  1391 | D:3      | Reached skill level 5 in Fighting
  1391 | D:3      | Reached skill level 5 in Polearms
  1391 | D:3      | Reached skill level 5 in Dodging
  1588 | D:3      | Noticed Ijyb
  1603 | D:3      | Killed Ijyb
  1826 | D:3      | Noticed Jessica
  1835 | D:3      | Killed Jessica
  1835 | D:3      | Reached XP level 7. HP: 50/56 MP: 7/15
  2187 | D:4      | Learned a level 1 spell: Beastly Appendage
  2999 | D:5      | Entered Level 5 of the Dungeon
  3052 | D:5      | Reached XP level 8. HP: 61/63 MP: 10/16
  3098 | D:5      | Found a shadowy altar of Dithmenos.
  3098 | D:5      | Noticed Dowan
  3098 | D:5      | Noticed Duvessa
  3116 | D:5      | Killed Duvessa
  3126 | D:5      | Killed Dowan
  3747 | D:5      | Found a staircase to the Ecumenical Temple.
  3754 | Temple   | Entered the Ecumenical Temple
  4485 | D:5      | HP: 2/63 [orc warrior/+0 mace (19)]
  4912 | D:6      | Noticed a +0 hand axe
  4913 | D:6      | Noticed a +0 hand axe
  4920 | D:6      | Found a hide-covered altar of Uskayaw.
  5160 | D:6      | Reached XP level 9. HP: 29/69 MP: 8/18
  5178 | D:6      | Noticed Blork the orc
  5194 | D:6      | Killed Blork the orc
  5851 | D:7      | Reached skill level 5 in Armour
  5965 | D:7      | Noticed Joseph
  6160 | D:7      | Noticed Pikel
  6168 | D:7      | Killed Pikel
  6201 | D:7      | Found an iron altar of Okawaru.
  6203 | D:7      | Identified the +1 robe of Resourcefulness {Str+4}
  6215 | D:7      | Became a worshipper of Warmaster Okawaru
  6241 | D:7      | Reached skill level 5 in Invocations
  6276 | D:7      | Killed Joseph
  6276 | D:7      | Reached * piety under Okawaru
  6392 | D:7      | Reached XP level 10. HP: 77/77 MP: 20/20
  6827 | D:8      | Found a huge runed translucent gate.
  6828 | D:8      | Found a huge runed translucent gate.
  6835 | D:8      | Found a huge runed translucent gate.
  6835 | D:8      | Found a huge runed translucent gate.
  7098 | D:8      | Reached skill level 5 in Short Blades
  7098 | D:8      | Reached skill level 5 in Long Blades
  7098 | D:8      | Reached skill level 5 in Axes
  7098 | D:8      | Reached skill level 5 in Maces & Flails
  7098 | D:8      | Reached skill level 5 in Staves
  7098 | D:8      | Reached skill level 5 in Slings
  7098 | D:8      | Reached skill level 5 in Bows
  7098 | D:8      | Reached skill level 5 in Crossbows
  7098 | D:8      | Reached skill level 5 in Throwing
  7098 | D:8      | Reached skill level 5 in Stealth
  7098 | D:8      | Reached skill level 5 in Shields
  7098 | D:8      | Reached skill level 5 in Unarmed Combat
  7098 | D:8      | Reached skill level 5 in Evocations
  7196 | D:8      | Found an ancient bone altar of Kikubaaqudgha.
  7215 | D:8      | Learned a level 3 spell: Ozocubu's Armour
  7219 | D:8      | Learned a level 3 spell: Confuse
  7223 | D:8      | Learned a level 3 spell: Dazzling Spray
  7435 | D:9      | Reached ** piety under Okawaru
  7541 | D:9      | Found Xeczor's Weapon Emporium.
  7541 | D:9      | Found a staircase to the Orcish Mines.
  7619 | D:9      | Got a pair of faintly glowing boots
  7728 | D:9      | Identified the cursed +0 pair of boots of Yredelemnul's
                  | Hatred {Dex+4} (You found it on level 9 of the Dungeon)
  7800 | D:9      | Found an ornate altar of the Wu Jian Council.
  7941 | D:9      | Found a deep blue altar of Sif Muna.
  8074 | D:10     | Entered Level 10 of the Dungeon
  8105 | D:10     | Reached *** piety under Okawaru
  8107 | D:10     | Noticed a two-headed ogre
  8116 | D:10     | HP: 2/79 [two-headed ogre/cursed -3 giant club (2)]
  8117 | D:10     | Succumbed to a killer bee's poison

Levels and vault maps discovered:
D:1:      dpeg_arrival_radiant, layout_loops_ring
D:2:      layout_basic, grunt_qazlal_clouds
D:3:      layout_loops_ring, first_ration, uniq_grinder, uniq_jessica, uniq_ijyb
D:4:      layout_loops_ring, serial_glass, glass_columns_a, glass_columns_a,
          minmay_strange_pillars, item_on_display_b, minmay_strange_pillars
D:5:      layout_layer_cave, old_standard_altar, minmay_temple_entry_junction,
          uniq_duvessa
D:6:      layout_loops_ring, dancing_weapons_uskayaw,
          nicolae_ossuary_entry_monument, uniq_blork_the_orc
D:7:      layout_basic, okawaru_ov_weapons_minmay, uniq_pikel, uniq_joseph
D:8:      lemuel_bear_cage, layout_gridville, lemuel_doored_altar
D:9:      layout_rooms, led_sif_pool, orc_david_3, basic_altar, serial_curves,
          eino_curves_02, eino_curves_03
D:10:     layout_big_octagon, due_lair_maze_entry_diamond, serial_rivers,
          chequers_serial_rivers_micro_a, chequers_serial_rivers_large_a,
          chequers_serial_rivers_small_b, chequers_serial_rivers_small_b,
          chequers_serial_rivers_micro_b, chequers_serial_rivers_room_a
Temple:   minmay_crystal_spiral_temple

Skill      XL: |  1  2  3  4  5  6  7  8  9 10 |
---------------+-------------------------------+-----
Spellcasting   | 5 6 7 |  7.6
Invocations    | 1 2 3 4 5 6 |  6.1
Short Blades   | 1 2 3 4 5 |  5.6
Long Blades    | 1 2 3 4 5 |  5.6
Axes           | 1 2 3 4 5 |  5.6
Maces & Flails | 1 2 3 4 5 |  5.6
Staves         | 1 2 3 4 5 |  5.6
Slings         | 1 2 3 4 5 |  5.6
Bows           | 1 2 3 4 5 |  5.6
Crossbows      | 1 2 3 4 5 |  5.6
Throwing       | 1 2 3 4 5 |  5.6
Stealth        | 1 2 3 4 5 |  5.6
Shields        | 1 2 3 4 5 |  5.6
Unarmed Combat | 1 2 3 4 5 |  5.6
Evocations     | 1 2 3 4 5 |  5.6
Armour         | 3 4 5 6 |  6.2
Conjurations   | 1 2 3 4 |  4.6
Hexes          | 1 2 3 4 |  4.6
Summonings     | 1 2 3 4 |  4.6
Necromancy     | 1 2 3 4 |  4.6
Translocations | 1 2 3 4 |  4.6
Transmutations | 1 2 3 4 |  4.6
Fire Magic     | 1 2 3 4 |  4.6
Ice Magic      | 1 2 3 4 |  4.6
Air Magic      | 1 2 3 4 |  4.6
Earth Magic    | 1 2 3 4 |  4.6
Poison Magic   | 1 2 3 4 |  4.6
Fighting       | 5 6 7 |  7.3
Polearms       | 5 6 7 |  7.3
Dodging        | 5 6 7 |  7.3
Charms         | 6 7 |  7.2

Action                   |  1- 3 |  4- 6 |  7- 9 | 10-12 || total
-------------------------+-------+-------+-------+-------++-------
Melee: Spear             |   124 |   100 |   194 |       ||   418
       Bite              |    11 |     7 |    39 |    15 ||    72
       Punch             |       |     1 |     6 |     2 ||     9
       Kick              |       |       |    11 |       ||    11
       Trident           |       |       |   176 |   181 ||   357
       Headbutt          |       |       |     4 |     9 ||    13
Throw: Dart              |       |       |    13 |    12 ||    25
 Cast: Song of Slaying   |     5 |     2 |     4 |     6 ||    17
       Shroud of Golubri |     2 |     7 |    34 |    17 ||    60
       Regeneration      |     1 |     4 |    17 |     7 ||    29
       Infusion          |     1 |     3 |     1 |     1 ||     6
       Spectral Weapon   |       |     4 |    29 |    20 ||    53
       Beastly Appendage |       |       |    13 |     6 ||    19
       Dazzling Spray    |       |       |       |     3 ||     3
       Confuse           |       |       |       |     1 ||     1
 Abil: Stop Flying       |       |       |       |     1 ||     1
  Use: Scroll            |       |     3 |     6 |     3 ||    12
       Potion            |       |       |     1 |     2 ||     3
 Stab: Sleeping          |     6 |     4 |    12 |     2 ||    24
       Distracted        |       |       |     3 |     2 ||     5
  Eat: Chunk             |     1 |     3 |    15 |     6 ||    25
       Ration            |       |       |     1 |       ||     1
Armor: Leather armour    |    15 |     7 |    27 |       ||    49
       Robe              |       |       |    18 |    16 ||    34
Dodge: Dodged            |    63 |    45 |   208 |   153 ||   469

Table legend:
 A = Non-vault XP
 B = Vault XP
 C = Vault XP percentage of total XP
 D = Non-vault monster count
 E = Vault monster count
 F = Vault count percentage of total count
                 A         B        C        D         E       F
            +---------+---------+-------+---------+---------+-------
      Total |    6765 |    2027 |  23.1 |     230 |      14 |   5.7
            +---------+---------+-------+---------+---------+-------
        D:1 |      25 |       0 |   0.0 |      16 |       0 |   0.0
        D:2 |      58 |       0 |   0.0 |      20 |       0 |   0.0
        D:3 |     246 |     368 |  59.9 |      35 |       3 |   7.9
        D:4 |     389 |       0 |   0.0 |      18 |       0 |   0.0
        D:5 |     483 |     220 |  31.3 |      16 |       2 |  11.1
        D:6 |    1214 |      99 |   7.5 |      35 |       1 |   2.8
        D:7 |     527 |    1107 |  67.7 |      20 |       2 |   9.1
        D:8 |    1048 |       0 |   0.0 |      25 |       0 |   0.0
        D:9 |    2165 |     233 |   9.7 |      36 |       6 |  14.3
       D:10 |     610 |       0 |   0.0 |       9 |       0 |   0.0
            +---------+---------+-------+---------+---------+-------
